 Dungeon Crawl Stone Soup version 0.22-a0-81-g7478db5 (console) character file.

1313 yesno the Ducker (level 8, -2/58 HPs)
             Began as a Vampire Abyssal Knight on Jan 18, 2018.
             Was a Priest of Lugonu.
             Slain by an ogre
             ... wielding a +0 giant spiked club
              (27 damage)
             ... on level 7 of the Dungeon on Jan 19, 2018.
             The game lasted 00:46:21 (8358 turns).

yesno the Ducker (Vampire Abyssal Knight)           Turns: 8358, Time: 00:46:21

Health: -2/58      AC:  0    Str: 11      XL:     8   Next: 32%
Magic:  7/11       EV: 27    Int: 14      God:    Lugonu [***...]
Gold:   189        SH:  0    Dex: 20 (21) Spells: 7/7 levels left

rFire    . . .     SeeInvis +   (weapon currently unavailable)
rCold    . . .     Gourm    .   (shield currently unavailable)
rNeg     + . .     Faith    .   (armour currently unavailable)
rPois    .         Spirit   .   (helmet currently unavailable)
rElec    .         Reflect  .   (cloak currently unavailable)
rCorr    .         Harm     .   (gloves currently unavailable)
MR       .....                  (boots currently unavailable)
Stlth    ++++......             (no amulet)
HPRegen  0.19/turn              (ring currently unavailable)
MPRegen  0.12/turn              (ring currently unavailable)

@: bat-form, flying, very quick
A: tiny, fangs 3, see invisible
a: End Transformation, Depart the Abyss, Bend Space, Banish, Renounce Religion


You were on level 7 of the Dungeon.
You worshipped Lugonu.
Lugonu was most pleased with you.
You were not thirsty.
You were in vampire-bat-form.
You visited 1 branch of the dungeon, and saw 7 of its levels.
You visited the Abyss 1 time.
You also visited: Bailey.

You collected 189 gold pieces.

Inventory:

Hand Weapons
 a - a +1 falchion (melded)
 b - a +0 hunting sling
 d - a +0 dagger
Missiles
 e - 16 bolts
 h - 2 stones (quivered)
Armour
 f - a +0 robe
 j - a +0 leather armour (melded)
 l - a +0 buckler (melded)
 o - a +0 helmet (melded)
 s - a +2 shield
Jewellery
 k - a ring of poison resistance (melded)
 v - a ring of see invisible (melded)
Scrolls
 m - 4 scrolls of remove curse
 p - a scroll of immolation
 u - a scroll of amnesia {unknown}
 y - 2 scrolls of fear {unknown}
 A - a scroll of enchant armour {unknown}
Potions
 g - 5 potions of blood
 i - 2 potions of degeneration
 t - 2 potions of flight
 z - 3 potions of curing
Miscellaneous
 c - a lamp of fire (inert)


   Skills:
 + Level 3.5 Fighting
 - Level 3.0 Long Blades
 - Level 0.7 Armour
 + Level 7.2 Dodging
 - Level 4.0 Shields
 * Level 3.0 Invocations
 - Level 4.0 Evocations


You had 7 spell levels left.
You didn't know any spells.

Dungeon Overview and Level Annotations

Branches:
Dungeon (7/15)
 Temple: D:4-7

Altars:
Ashenzari
Dithmenos
Fedhas
Kikubaaqudgha
Makhleb
Qazlal
Ru
Trog
Uskayaw
The Shining One

Annotations:
D:5 exclusion: scorpion, Grinder
D:7 exclusion: sky beast


Innate Abilities, Weirdness & Mutations

You have razor-sharp teeth.
You have supernaturally acute eyesight. (SInv)
((You can survive without breathing.))


Message History

MP restored: 11 You barely miss the adder skeleton.
The adder skeleton is almost destroyed.
The orc hits you but does no damage. The adder skeleton barely misses you.
You block the orc's attack.
You turn into a vampire bat.
Your +1 falchion melds into your body.
Your +0 helmet melds into your body.
Your +0 buckler melds into your body.
Your +0 leather armour melds into your body.
Your ring of poison resistance melds into your body.
Your ring of see invisible melds into your body.
The ogre closely misses you. The adder skeleton misses you.
The orc hits you with a dagger.
You take 3 damage, and have 28/58 hp.
You now have 9/11 mp.
Space bends around you!
You blink.
You take 2 damage, and have 26/58 hp.
You now have 8/11 mp.
The adder skeleton completely misses you.
Space bends around you!
You blink.
You take 2 damage, and have 25/58 hp.
You now have 7/11 mp.
The ogre hits you with a giant spiked club!!
You die...

░░▒······▄···o▒▒▒▒········▒░░░▒·†
··············▒ ▒··▒▒▒▒▒·▒ ▒··
··▒··▒······▒▒▒ ▒†·▒ ▒·▒ ▒··
·····▒▒·▒▒▒▒▒░░░░▒†Ξ▒▒▒▒▒·▒ ▒··
··▒·░░▒·░ ░····▒▒·▒▒···▒·▒ ▒··
··░·····░ ░···▒▒···▒▒··▒·▒▒▒▒▒··
·░░░░░░░░ ░··▒▒·····▒▒·▒········
·░ ░··▒··O····▒·▒▒▒▒▒▒▒▒· ·░
░··▒·bZ▄#··▒·▒▒▒▒▒▒▒▒· ·░
░·░▒··o····▒········▒· ·░
░·░▒▒·····▒▒▒▒▒▒▒▒▒·▒· ·░
░·░░▒▒···▒▒ ▒····<···· ░░
░····▒▒▒▒▒ ▒···†▒▒·▒· ░░░░░·░░·░
▒▒▒······· ░·░░·░ ▒····▒▒▒▒▒
░·░▒·▒▒▒▒▒▒··▒ ▒·░▒·········▒


You could see an ogre, an orc and an adder skeleton.

Vanquished Creatures
  4 orc warriors (Bailey)
  A phantom (D:4)
  2 bullfrogs
  A quasit (D:7)
  3 hounds
  4 orc priests
  A bullfrog skeleton (D:6)
  6 orc wizards
  An iguana (D:4)
  A worker ant (D:3)
  4 gnolls
  6 adders
  3 oozes
  A dart slug (D:1)
  4 leopard geckos
  23 orcs
  3 ball pythons
  4 giant cockroaches
  12 goblins
  7 hobgoblins
  6 jackals
  2 quokkas
  7 bats
  3 frilled lizards
  20 kobolds
  7 rats
136 creatures vanquished.

Vanquished Creatures (others)
  An adder (D:2)
  A hobgoblin (D:2)
  2 jackals (D:2)
4 creatures vanquished.

Grand Total: 140 creatures vanquished

Notes
Turn   | Place    | Note
-------+----------+-------------------------------------------
     0 | Abyss:1  | yesno the Vampire Abyssal Knight began the quest for the Orb.
     0 | Abyss:1  | Reached XP level 1. HP: 17/17 MP: 2/2
     0 | D:1      | Escaped the Abyss
   128 | D:1      | Reached XP level 2. HP: 21/23 MP: 3/3
   325 | D:1      | Reached * piety under Lugonu
   433 | D:1      | Reached skill level 3 in Dodging
   677 | D:2      | Found a hide-covered altar of Uskayaw.
   702 | D:2      | Reached XP level 3. HP: 27/28 MP: 4/4
  2180 | D:3      | Reached skill level 1 in Shields
  2336 | D:3      | Reached XP level 4. HP: 34/34 MP: 5/5
  2418 | D:3      | Reached ** piety under Lugonu
  2724 | D:3      | Reached skill level 1 in Evocations
  3334 | D:3      | Found a blossoming altar of Fedhas.
  3385 | D:3      | Found a shadowy altar of Dithmenos.
  3550 | D:3      | Reached skill level 4 in Dodging
  3550 | D:3      | Reached XP level 5. HP: 13/39 MP: 6/6
  3775 | D:3      | Found a sacrificial altar of Ru.
  4574 | D:5      | Entered Level 5 of the Dungeon
  4785 | D:5      | Found a bloodstained altar of Trog.
  4839 | D:5      | Noticed Grinder
  4862 | D:4      | Noticed a phantom
  5006 | D:4      | Reached XP level 6. HP: 32/46 MP: 7/7
  5333 | D:4      | Found a shattered altar of Ashenzari.
  5462 | D:4      | Reached skill level 5 in Dodging
  5782 | D:6      | Reached XP level 7. HP: 30/51 MP: 9/9
  7142 | D:7      | Noticed a hippogriff
  7162 | D:7      | Found a flagged portal.
  7164 | D:7      | Found a stormy altar of Qazlal.
  7166 | D:7      | Found a burning altar of Makhleb.
  7168 | Bailey   | Entered a bailey
  7417 | Bailey   | Noticed an orc knight
  7709 | Bailey   | Upgraded the game from 0.22-a0-79-g605b837 to 0.22-a0-81-g7478db5
  7731 | Bailey   | Reached skill level 6 in Dodging
  7814 | Bailey   | Reached *** piety under Lugonu
  7833 | Bailey   | Reached XP level 8. HP: 58/58 MP: 11/11
  8175 | Bailey   | Reached skill level 7 in Dodging
  8319 | D:7      | Found an ancient bone altar of Kikubaaqudgha.
  8332 | D:7      | Found a glowing golden altar of the Shining One.
  8358 | D:7      | Slain by an ogre

Vault maps used:
D:1:      dpeg_arrival_rooms_c, serial_bayou_lake_a
D:2:      eat_drink_and_be_merry_uskayaw, fiery_altar_vehumet
D:3:      lemuel_crystal_altar, fedhas_altar_fruit_tree,
          hangedman_decor_riveting, minmay_misc_feat_rugged,
          nicolae_dithmenos_through_a_glass_darkly
D:4:      marbit_many_paths, nicolae_underground_beach
D:5:      lemuel_crystal_altar, nicolae_ossuary_entry_monument, first_ration,
          uniq_grinder
D:6:      kennysheep_mini, yredelemnul_forgotten_temple_becter,
          lemuel_temple_firewalk_a, portal_sewer_entry_c, uniq_menkaure
D:7:      lemuel_round_altar, grunt_temple_overflow_open, enter_bailey_1
Bailey:   bailey_axe_4, bailey

Skill      XL: |  1  2  3  4  5  6  7  8 |
---------------+-------------------------+-----
Dodging        | 3 4 5 6 7 |  7.2
Long Blades    | 3 |  3.0
Shields        | 1 2 3 4 |  4.0
Evocations     | 1 2 3 4 |  4.0
Fighting       | 3 |  3.5
Invocations    | 3 |  3.0
Armour         | |  0.7

Action                   |  1- 3 |  4- 6 |  7- 9 || total
-------------------------+-------+-------+-------++-------
Melee: Falchion          |   109 |   199 |   125 ||   433
       Bite              |     9 |    31 |    10 ||    50
       Dagger            |       |     6 |    11 ||    17
 Fire: Hunting sling     |    23 |    51 |    98 ||   172
Throw: Tomahawk          |       |       |     2 ||     2
Invok: Depart the Abyss  |     1 |       |       ||     1
       Bend Space        |       |     1 |     3 ||     4
 Abil: Bat Form          |     3 |     5 |    11 ||    19
       End Transformatio |     3 |     5 |    10 ||    18
Evoke: Wand              |       |    15 |     5 ||    20
       Lamp of fire      |       |       |     1 ||     1
  Use: Potion            |     4 |     8 |    14 ||    26
       Scroll            |     3 |     1 |     6 ||    10
 Stab: Sleeping          |     1 |     1 |     1 ||     3
       Invisible         |     2 |       |     3 ||     5
       Paralysed         |       |    23 |       ||    23
       Distracted        |       |       |     1 ||     1
  Eat: Corpse            |       |     1 |       ||     1
Armor: Leather armour    |    20 |    37 |    41 ||    98
Dodge: Dodged            |    78 |   132 |   164 ||   374
Block: Buckler           |    19 |    40 |    55 ||   114
       Rpst.: Falchion   |    22 |    38 |    34 ||    94

Table legend:
 A = Spawn XP
 B = Non-spawn XP
 C = Spawn XP percentage of total XP
 D = Spawn monster count
 E = Non-spawn monster count
 F = Spawn count percentage of total count
 G = Total turns spent on level
                    A         B        C        D         E        F      G
               +---------+---------+-------+---------+---------+-------+---------
         Total |       0 |    1877 |   0.0 |       0 |     138 |   0.0 |  8358
               +---------+---------+-------+---------+---------+-------+---------
           D:1 |       0 |      41 |   0.0 |       0 |      24 |   0.0 |  1633
           D:2 |       0 |      45 |   0.0 |       0 |      15 |   0.0 |   481
           D:3 |       0 |     155 |   0.0 |       0 |      32 |   0.0 |  2241
           D:4 |       0 |     566 |   0.0 |       0 |      22 |   0.0 |  1748
           D:5 |       0 |      53 |   0.0 |       0 |       4 |   0.0 |   520
           D:6 |       0 |     216 |   0.0 |       0 |       9 |   0.0 |   253
           D:7 |       0 |     231 |   0.0 |       0 |       8 |   0.0 |   342
        Bailey |       0 |     570 |   0.0 |       0 |      24 |   0.0 |  1140
               +---------+---------+-------+---------+---------+-------+---------
